 Dungeon Crawl Stone Soup version 0.17.1-2-g5865329 (webtiles) character file.

56 namelastname112 the Chiller (level 3, -2/16 HPs)
             Began as a Vine Stalker Ice Elementalist on Jan 21, 2016.
             Slain by Terence
             ... wielding a +0 flail
              (8 damage)
             ... on level 2 of the Dungeon.
             The game lasted 00:02:57 (1677 turns).

namelastname112 the Chiller (VSIE)                  Turns: 1677, Time: 00:02:57

Health: -2/16      AC:  2    Str: 10    XL:     3   Next: 97%
Magic:  0/8        EV: 12    Int: 16    God:
Gold:   117        SH:  0    Dex: 14    Spells: 1 memorised, 7 levels left

rFire  . . .     SeeInvis .     h - +0 short sword (venom)
rCold  . . .     Clarity  .     a - +0 robe
rNeg   . . .     SustAt   .     (no shield)
rPois  .         Gourm    .     (no helmet)
rElec  .         Spirit   +     (no cloak)
rCorr  .         Warding  .     (no gloves)
rMut   .         Stasis   .     (no boots)
MR     .....                    (no amulet)
Stlth  ++........               (no ring)
                                (no ring)

@: not resistant to hostile enchantments, unstealthy
A: fangs 2, regeneration 1, magic shield, antimagic bite, no device heal 3, rot
immunity
a: no special abilities


You were on level 2 of the Dungeon.
You were hungry.

You visited 1 branch of the dungeon, and saw 2 of its levels.

You collected 117 gold pieces.

Inventory:

Hand Weapons
 h - a +0 short sword of venom (weapon)
Armour
 a - a +0 robe (worn)
Wands
 m - a wand of flame (20)
Scrolls
 f - 4 scrolls of identify {unknown}
 l - 5 scrolls of random uselessness {unknown}
 n - a scroll of fear {unknown}
 o - a scroll of amnesia {unknown}
 q - a scroll of enchant armour {unknown}
Potions
 e - a potion of haste {unknown}
 i - a potion of heal wounds {unknown}
 j - a potion of brilliance {unknown}
 k - 2 potions of curing {unknown}
 p - a potion of invisibility {unknown}
 r - a potion of magic {unknown}
Books
 b - a book of Frost

   Spells                             Type                      Level
   a - Freeze                         Ice                          1
   b - Throw Frost                    Conjuration/Ice              2
   c - Ozocubu's Armour               Charms/Ice                   3
   d - Throw Icicle                   Conjuration/Ice              4
   e - Summon Ice Beast               Ice/Summoning                4
   f - Condensation Shield            Ice                          4
Comestibles
 c - 2 bread rations
 d - a slice of pizza
 g - 2 beef jerkies


   Skills:
 - Level 1.5 Dodging
 - Level 2.4 Stealth
 + Level 3.2 Spellcasting
   Level 1.0 Conjurations
 + Level 4.0 Ice Magic


You had 7 spell levels left.
You knew the following spells:

 Your Spells              Type           Power        Failure   Level  Hunger
z - Freeze                Ice            ###.         4%          1    None


Dungeon Overview and Level Annotations

Branches:
Dungeon (2/15)

Altars:

Annotations:
D:2 Terence


Innate Abilities, Weirdness & Mutations

You have extremely sharp teeth.
Your natural rate of healing is unusually fast.
When hurt, damage is shared between your health and your magic reserves.
Your bite disrupts and absorbs the magic of your enemies.
Potions and wands cannot restore your health.
You are immune to rotting.


Message History

Confirm with . or Enter, or press ? or * to list all spells.
Aiming: Freeze
Press: ? - help, Shift-Dir - straight line, f/p - Terence
Aim: Terence, wielding a flail and wearing a ring mail (lightly wounded)
You freeze Terence.
Terence is heavily wounded.
Casting: Freeze
Confirm with . or Enter, or press ? or * to list all spells.
Aiming: Freeze
Press: ? - help, Shift-Dir - straight line, f/p - Terence
Aim: Terence, wielding a flail and wearing a ring mail (heavily wounded)
You freeze Terence.
Terence is severely wounded.
Terence hits you with a flail!
You closely miss Terence.
Terence is severely wounded.
Terence screams, "I want your blood!" Terence hits you with a flail!
Ouch! That really hurt!
You die...

##### #########...###
## #..........@@.#
.#####.##.##.#...#.#
.......#...#?##......
.######......#####.#.#
## ##...#.# .# # #
##>##.# # # #.##.. #
#.##### ####[#### ##
#.......# ####


You could see Terence.

Vanquished Creatures
  2 adders (D:2)
  A worm (D:2)
  2 giant geckos
  4 bats (D:2)
  A giant cockroach (D:2)
  3 hobgoblins
  4 jackals (D:2)
  A quokka (D:2)
  3 giant newts
  4 goblins
  4 kobolds
  6 rats
35 creatures vanquished.

Notes
Turn   | Place    | Note
--------------------------------------------------------------
     0 | D:1      | namelastname112 the Vine Stalker Ice Elementalist began the quest for the Orb.
     0 | D:1      | Reached XP level 1. HP: 9/9 MP: 4/4
   516 | D:1      | Reached XP level 2. HP: 13/13 MP: 6/6
   934 | D:2      | Reached XP level 3. HP: 8/16 MP: 2/8
  1494 | D:2      | Reached skill level 4 in Ice Magic
  1671 | D:2      | Noticed Terence
  1677 | D:2      | Slain by Terence

Action                   || total
-------------------------++-------
Melee: Short sword       ||    49
       Unarmed           ||     2
 Cast: Freeze            ||    30
 Stab: Sleeping          ||     6
  Eat: Chunk             ||     2
